 Dungeon Crawl Stone Soup version 0.31.0-11-ge490571c62 (webtiles) character file.

Game seed: 298276576185900128

61 mandarbmax the Shooter (level 4, -9/33 HPs)
             Began as a Formicid Hunter on Jan 28, 2024.
             Killed by divine providence
             ... invoked by an orc priest
              (14 damage)
             ... on level 4 of the Dungeon.
             The game lasted 00:02:50 (661 turns).

mandarbmax the Shooter (Formicid Hunter)             Turns: 661, Time: 00:02:52

Health: -9/33      AC:  8    Str: 16    XL:     4   Next: 27%
Magic:  4/4        EV: 12    Int:  8    God:
Gold:   10         SH:  0    Dex: 19    Spells: 3/3 levels left

rFire   . . .        a - +0 shortbow
rCold   . . .        (no shield)
rNeg    . . .        c - +0 leather armour
rPois   .            (helmet unavailable)
rElec   .            (no cloak)
rCorr   .            i - +0 pair of gloves
SInv    +            (no boots)
Will    .....        (no amulet)
Stlth   ++           g - +4 ring of protection
HPRegen 0.25/turn    (no ring)
MPRegen 0.09/turn

%: no passive effects
@: attractive
A: permanent stasis, dig shafts and tunnels, antennae 3, four strong arms
a: Dig, Shaft Self


You were on level 4 of the Dungeon.
You visited 1 branch of the dungeon, and saw 3 of its levels.

You collected 10 gold pieces.

Inventory:

Hand Weapons
 a - a +0 shortbow (weapon)
Armour
 c - a +0 leather armour (worn)
 i - a +0 pair of gloves (worn)
Jewellery
 g - a +4 ring of protection (left hand)
Scrolls
 b - a scroll of butterflies
 h - a scroll of poison {unknown}
Potions
 f - 2 potions of attraction


   Skills:
 - Level 2.1 Fighting
 + Level 5.4 Ranged Weapons
 - Level 2.0 Dodging
 - Level 1.2 Stealth


You had 3 spell levels left.
You didn't know any spells.
Your spell library was empty.

Dungeon Overview and Level Annotations

Branches:
Dungeon (2/15)

Altars:

Annotations:
D:2 Terence


Innate Abilities, Weirdness & Mutations

You cannot be hasted, slowed, berserked, paralysed or teleported.
You can dig through walls and to a lower floor.
You have a pair of large antennae on your head. (SInv)
Your four strong arms can wield two-handed weapons with a shield.


Message History

You shoot an arrow.
The arrow closely misses the orc priest.
The arrow hits the giant cockroach.
You kill the giant cockroach!
The quokka completely misses you.
The orc wizard gestures at you while chanting.
You resist with some effort. The orc priest barely misses you.
The orc closely misses you.
The orc priest begins to cast a cantrip, but forgets the words!
The quokka barely misses you.
The orc priest attacks as it pursues you!
The orc priest misses you.
The orc wizard gestures at you while chanting.
The puff of flame hits you. The quokka attacks as it pursues you!
The quokka bites you but does no damage.
The orc is attracted toward you.
You shoot an arrow. The arrow barely misses the quokka.
The orc closely misses you.
The quokka bites you but does no damage.
The orc priest closely misses you. The orc wizard is attracted toward you.
You shoot an arrow. The arrow completely misses the quokka.
The quokka bites you but does no damage.
The orc barely misses you.
The orc wizard hits you with a +0 dagger.
The orc priest hits you with a +0 hand axe.
The orc priest misses you. The quokka bites you.
You shoot an arrow. The arrow hits the quokka.
The quokka is severely wounded.
The orc barely misses you. The orc wizard closely misses you.
The orc priest hits you with a +0 hand axe!
The orc priest hits you with a +0 whip.
* * * LOW HITPOINT WARNING * * *
The quokka closely misses you. The orc closely misses you.
It was a potion of cancellation.
Your magical effects are unravelling.
You feel magically purged. The orc wizard completely misses you.
The orc priest barely misses you.
The orc priest calls down the wrath of Beogh upon you.
Beogh smites you!
You die...

#.... #.# ####...
####.# #...<.. #.....
#..^..# #..... #.....#
#..... #...†.# #.....
#...).###########.....
#...oor..†............
#...o@###########.....
#....o# #..... #######
#..... #..... #.....
######


You could see 2 orc priests, an orc wizard (invisible), an orc and a quokka.

Vanquished Creatures
  A bombardier beetle (D:4)
  An orc (D:4)
  4 ball pythons (D:1)
  2 endoplasms
  2 giant cockroaches
  2 goblins
  4 hobgoblins (D:1)
  3 jackals (D:4)
  A quokka (D:1)
  A kobold (D:1)
  2 rats (D:1)
23 creatures vanquished.

Notes
Turn   | Place    | Note
-------+----------+-------------------------------------------
     0 | D:1      | mandarbmax the Formicid Hunter began the quest for the Orb.
     0 | D:1      | Reached XP level 1. HP: 16/16 MP: 1/1
    50 | D:1      | Reached XP level 2. HP: 22/22 MP: 2/2
   432 | D:2      | Noticed Terence
   441 | D:2      | You fall into a shaft and drop 2 floors!
   498 | D:4      | Reached XP level 3. HP: 26/27 MP: 3/3
   635 | D:4      | Reached skill level 5 in Ranged Weapons
   635 | D:4      | Reached XP level 4. HP: 26/33 MP: 4/4
   661 | D:4      | Killed from afar by an orc priest

Illustrated notes

Levels and vault maps discovered:
D:1:      minmay_arrival_plants_in_alcoves, layout_rooms
D:2:      layout_basic, shapermc_ecumenical_altar_mp_vishouse, serial_shops,
          nicolae_shop_tiny_statue_garden, uniq_jessica, uniq_terence
D:4:      layout_basic, overflow_temple_1_default, portal_sewer_entry_f

Skill      XL: |  1  2  3 |
---------------+----------+-----
Dodging        | 2 |  2.0
Ranged Weapons | 5 |  5.4
Fighting       | |  2.1
Stealth        | |  1.2

Action                     |  1- 3 |  4- 6 || total
---------------------------+-------+-------++-------
   Fire: Shortbow          |    61 |    17 ||    78
Ability: Dig               |     1 |       ||     1
         Shaft Self        |     1 |       ||     1
    Use: Potion            |       |     3 ||     3
 Armour: Leather armour    |    10 |    21 ||    31
  Dodge: Dodged            |    14 |    19 ||    33
